 Dungeon Crawl Stone Soup version 0.31-a0-1616-gbeaec30b81 (webtiles) character file.

Game seed: 12612523612934981219

190 MisterAzrael the Changeling (level 5, -1/49 HPs)
             Began as a Troll Shapeshifter on Jan 10, 2024.
             Slain by a white imp (3 damage)
             ... on level 8 of the Dungeon.
             The game lasted 00:03:06 (2659 turns).

MisterAzrael the Changeling (Troll Shapeshifter)    Turns: 2659, Time: 00:03:07

Health: -1/49      AC:  4    Str: 24    XL:     5   Next: 41%
Magic:  4/4        EV:  9    Int:  6    God:
Gold:   156        SH:  0    Dex:  9    Spells: 4/4 levels left

rFire   . .          .
                       - Unarmed
rCold   . . .        (no shield)
rNeg    . . .        a - +0 animal skin
rPois   .            (helmet currently unavailable)
rElec   .            (cloak currently unavailable)
rCorr   .            (gloves unavailable)
SInv    .            (boots unavailable)
Will    .....        (no amulet)
Stlth   +            (no ring)
HPRegen 1.08/turn    (no ring)
MPRegen 0.09/turn

%: no passive effects
@: about to teleport, beast-form
A: beast (slay +2), large, unfitting armour, claws 3, regeneration 1, shaggy fur
1, tough skin 1
a: Begin Untransformation


You were on level 8 of the Dungeon.
You were a hulking beast.
You visited 1 branch of the dungeon, and saw 6 of its levels.

You collected 156 gold pieces.

Inventory:

Armour
 a - a +0 animal skin (worn)
Jewellery
 k - a ring of wizardry
 r - an amulet of magic regeneration
Talismans
 c - a beast talisman
 d - a flux talisman
Wands
 s - a wand of paralysis (5)
Scrolls
 g - a scroll of teleportation
 i - a scroll of noise {unknown}
 j - a scroll of fog {unknown}
 l - 4 scrolls of identify
 m - a scroll of vulnerability {unknown}
 o - 3 scrolls of silence
 p - a scroll of poison {unknown}
 q - a scroll of enchant weapon {unknown}
Potions
 b - a potion of lignification
 e - a potion of enlightenment {unknown}
 f - a potion of mutation {unknown}
 h - 2 potions of curing
 n - a potion of attraction {unknown}


   Skills:
 + Level 2.2 Fighting
 - Level 1.5 Dodging
 + Level 4.0 Unarmed Combat
 * Level 4.5 Shapeshifting


You had 4 spell levels left.
You didn't know any spells.
Your spell library contained the following spells:

 Spells                   Type           Power      Damage    Failure   Level
 Blink                    Tloc           0%         N/A       58%         2
 Lesser Beckoning         Tloc           0%         N/A       58%         2
 Momentum Strike          Conj/Tloc      0%         3d8       58%         2
 Summon Ice Beast         Ice/Summ       0%         N/A       83%         3
 Summon Mana Viper        Hex/Summ       0%         N/A       100%        5
 Monstrous Menagerie      Summ           0%         N/A       100%        7


Dungeon Overview and Level Annotations

Branches:
Dungeon (8/15)
 Temple: D:4-7         Lair: D:8-11

Altars:
Ashenzari
Elyvilon
Fedhas
Wu Jian
Xom
Zin

Shops:
D:7 [

Annotations:
D:7 3 runed translucent doors, LeprechaunX's ghost, novice OpSh


Innate Abilities, Weirdness & Mutations

You are a hulking beast.
Your limbs bulge with bestial killing power. (Slay +2)
You are too large for most types of armour.
You have claws for hands.
Your natural rate of healing is unusually fast.
You are covered in fur. (AC +1)
You have tough skin. (AC +1)


Message History

You feel sick.
The kobold brigand hits you with a +0 dagger.
* * * LOW HITPOINT WARNING * * *
You closely miss the kobold brigand.
You feel sick.
The orc wizard gestures wildly while chanting.
The orc wizard flickers and vanishes!
Deactivating autopickup; reactivate with Ctrl-A.
The kobold brigand hits you with a +0 dagger.
* * * LOW HITPOINT WARNING * * *
You scratch the kobold brigand.
The kobold brigand is lightly wounded.
You feel sick.
The kobold brigand hits you with a +0 dagger.
* * * LOW HITPOINT WARNING * * *
The orc priest looks encouraged for a moment.
A white imp comes into view.
You feel better. The kobold brigand barely misses you.
The orc priest begins to cast a cantrip, but forgets the words!
The kobold brigand throws a poisoned dart.
The poisoned dart closely misses you.
The poisoned dart hits the white imp!
The white imp hits you but does no damage.
You scratch the white imp.
The white imp is lightly wounded.
The white imp shouts, "Go and return not, thou errant wibble-sucking measle!"
The white imp barely misses you.
As you read the scroll labelled APE RUL QIKI, it crumbles to dust.
It is a scroll of identify.
o - 3 scrolls of silence The kobold brigand hits you with a +0 dagger.
The orc priest mumbles some strange prayers to Beogh against you.
Beogh smites you!
* * * LOW HITPOINT WARNING * * *
The white imp barely misses you.
You hear a shout!
As you read the scroll labelled MEODYU PAOBILO, it crumbles to dust.
You feel strangely unstable.
It was a scroll of teleportation.
The kobold brigand closely misses you. The white imp hits you.
* * * LOW HITPOINT WARNING * * *
The white imp freezes you.
You die...

..# ###### #.# ##.....
#.# ##..K...
#o####..<..#
#oK..K.KK..#
#.####.....# ### #.#
##...##
.....#######.######.##
#..5hK.KKo.......#
##.############### #


You could see a kobold brigand, an orc priest, a white imp and 2 kobolds.

Vanquished Creatures
  A wight (D:7)
  A bombardier beetle (D:3)
  3 adders
  2 dart slugs
  3 orcs (D:3)
  9 bats
  4 endoplasms
  5 giant cockroaches
  7 goblins
  10 hobgoblins
  3 kobolds
  5 quokkas
  3 ball pythons
  4 frilled lizards
  8 rats
68 creatures vanquished.

Notes
Turn   | Place    | Note
-------+----------+-------------------------------------------
     0 | D:1      | MisterAzrael the Troll Shapeshifter began the quest for the
                  | Orb.
     0 | D:1      | Reached XP level 1. HP: 18/18 MP: 0/0
   237 | D:1      | Reached skill level 1 in Fighting
   271 | D:1      | Reached XP level 2. HP: 27/27 MP: 1/1
   939 | D:2      | Reached XP level 3. HP: 25/33 MP: 2/2
  1120 | D:2      | Found a blossoming altar of Fedhas.
  1767 | D:3      | Reached XP level 4. HP: 42/42 MP: 3/3
  1835 | D:3      | Found a glowing silver altar of Zin.
  1835 | D:3      | Found a blossoming altar of Fedhas.
  1847 | D:3      | Found a broken altar of Ashenzari.
  1853 | D:3      | Found a shimmering altar of Xom.
  2409 | D:3      | Found an ornate altar of the Wu Jian Council.
  2413 | D:3      | Found a white marble altar of Elyvilon.
  2584 | D:4      | You fall into a shaft and drop 3 floors!
  2584 | D:7      | Found Taowk's Armour Boutique.
  2586 | D:7      | Noticed a cyclops
  2588 | D:7      | Found a runed translucent gate.
  2588 | D:7      | Noticed LeprechaunX's ghost (novice OpSh)
  2589 | D:7      | Found a runed translucent gate.
  2589 | D:7      | Noticed a vampire
  2599 | D:7      | Found a runed translucent gate.
  2607 | D:7      | Reached XP level 5. HP: 27/49 MP: 4/4
  2612 | D:7      | Noticed a steam dragon
  2629 | D:7      | Noticed a hornet
  2658 | D:8      | HP: 2/49 [orc priest/divine providence (14)]
  2659 | D:8      | Slain by a white imp

Illustrated notes

Levels and vault maps discovered:
D:1:      wander_arrival_lonely_grave, layout_loops_corners
D:2:      layout_loops_corners, basic_altar, kennysheep_generic_room_16
D:3:      layout_loops_ring, nicolae_overflow_hallway_of_the_gods, minmay_vboxes
D:4:      minmay_inner_zag, layout_loops_ring,
          mainiacjoe_overflow_cross_hatched, due_unseen_surprise,
          uniq_crazy_yiuf_cottage, uniq_duvessa
D:7:      minmay_thinvault, layout_basic, kennysheep_mini,
          gammafunk_ghost_split, nicolae_take_the_stairs, uniq_maurice
D:8:      layout_loops_ring, led_sif_book, erik_lair_orcish_takeover,
          serial_shops, nicolae_shop_tiny_waterfront,
          gammafunk_ghost_wrathful_warriors, nicolae_elevator_lobby_plus

Skill      XL: |  1  2  3  4 |
---------------+-------------+-----
Fighting       | 1 2 |  2.2
Shapeshifting  | 4 |  4.5
Unarmed Combat | 4 |  4.0
Dodging        | |  1.5

Action                     |  1- 3 |  4- 6 || total
---------------------------+-------+-------++-------
  Melee: Unarmed           |   108 |    54 ||   162
         Punch             |     2 |     1 ||     3
    Use: Scroll            |       |     2 ||     2
         Potion            |       |     2 ||     2
 Armour: Animal skin       |    65 |    40 ||   105
  Dodge: Dodged            |    63 |    26 ||    89

Table legend: (Time is in decaauts)
 A = Elapsed time spent in this place.
 B = Non-inter-level travel time spent in this place.
 C = Inter-level travel time spent in this place.
 D = Time resting spent in this place.
 E = Time spent auto-exploring this place.
 F = Levels seen in this place.
 G = Mean time per level.
                   A        B        C        D        E       F      G
               +--------+--------+--------+--------+--------+-----+--------+
         Total |   2647 |   2586 |     61 |      0 |   2113 |   6 |  441.2 |
       Dungeon |   2647 |   2586 |     61 |      0 |   2113 |   6 |  441.2 |
               +--------+--------+--------+--------+--------+-----+--------+

Top non-repeatable levels by time:
     D:2: 899 daAuts
     D:1: 853 daAuts
     D:3: 796 daAuts
     D:7: 43 daAuts
     D:8: 31 daAuts
     D:4: 23 daAuts
